 Dungeon Crawl Stone Soup version 0.29.1-15-g9cfb28693d (webtiles) character file.

Game seed: 4613952933737787184

1747455 quandasim the Axe Maniac (level 25, 257/257 HPs)
             Began as a Minotaur Berserker on Mar 11, 2023.
             Was the Champion of Trog.
             Escaped with the Orb
             ... and 3 runes on Mar 17, 2023!
             The game lasted 07:23:53 (61710 turns).

quandasim the Axe Maniac (Minotaur Berserker)      Turns: 61710, Time: 07:23:53

Health: 257/257    AC: 49    Str: 33    XL:     25   Next: 78%
Magic:  23/23      EV: 17    Int:  4    God:    Trog [******]
Gold:   1697       SH:  0    Dex: 11    Spells: 24/24 levels left

rFire   + + .      SeeInvis +   b - +9 executioner's axe (vamp)
rCold   + . .      Faith    .   (shield currently unavailable)
rNeg    + . .      Spirit   .   S - +9 gold dragon scales
rPois   +          Reflect  .   Y - +0 mask of the Dragon {Will+ Slay+3 SInv}
rElec   +          Harm     .   g - +2 cloak {rCorr}
rCorr   +          Rampage  ∞   i - +2 pair of gloves
Will    +++..                   d - +3 pair of seven-league boots {Rampage+∞}
Stlth   ..........              f - amulet "Afilokus" {rElec rF+ rN+ Regen+}
HPRegen 1.32/turn               T - ring of the Gloaming {Contam rElec Will+ Slay+4}
MPRegen 0.18/turn               O - ring of flight

@: flying, studying Long Blades
A: horns 2, retaliatory headbutt, screaming 1, wild magic 2, MP-powered wands
0: Orb of Zot
}: 3/15 runes: serpentine, barnacled, silver
a: Renounce Religion, Berserk, Trog's Hand, Brothers in Arms


You escaped.
You worshipped Trog.
Trog was exalted by your worship.
You visited 11 branches of the dungeon, and saw 49 of its levels.
You visited 1 bazaar.
You also visited: Ossuary.

You collected 6493 gold pieces.
You spent 4796 gold pieces at shops.

Inventory:

Hand Weapons
 a - the +8 frozen axe "Frostbite" {freezing cloud, *Noise Fly rC+}
   (Trog gifted it to you on level 3 of the Elven Halls)

   It freezes those it strikes, dealing additional cold damage.
   It can also slow down cold-blooded creatures.
   It occasionally leaves clouds of freezing vapour upon striking a foe.
   It grants immunity to clouds of freezing vapour.
   rC:        It protects you from cold.
   Fly:       It grants you flight.
   *Noise:    It may make noises in combat.
 b - a +9 vampiric executioner's axe (weapon)
Missiles
 U - a throwing net (quivered)
Armour
 d - the +3 pair of seven-league boots (worn) {Rampage+∞}
   (You acquired it on level 1 of the Depths)

   Its wearer moves as far as possible in that direction when moving towards
   enemies.
 g - a +2 cloak of preservation (worn)
 i - a +2 pair of gloves (worn)
 z - a +2 pair of boots of flying
 S - +9 gold dragon scales (worn)
 Y - the +0 mask of the Dragon (worn) {Will+ Slay+3 SInv}
   (You bought it in a shop on level 1 of the Snake Pit)

   Slay:      It affects your accuracy & damage with ranged weapons and melee
   (+3).
   SInv:      It lets you see invisible.
   Will:      It increases your willpower.
Jewellery
 f - the amulet "Afilokus" (around neck) {rElec rF+ rN+ Regen+}
   (You took it off a naga on level 2 of the Lair of Beasts)

   [amulet of regeneration]

   rF:        It protects you from fire.
   rElec:     It insulates you from electricity.
   rN:        It protects you from negative energy.
   Regen:     It increases your rate of health regeneration.
 m - a ring of positive energy
 r - a ring of willpower
 u - the amulet of Kouwibil {Reflect rN+ Int+7 SH+5}
   (You took it off a deep elf master archer on level 3 of the Elven Halls)

   [amulet of reflection]

   It reflects blocked missile attacks.
   Int:       It affects your intelligence (+7).
   rN:        It protects you from negative energy.
   SH:        It affects your SH (+5).
 v - a ring of fire
 A - the ring of Yruc {Will+ rCorr Int+4}
   (You took it off a deep elf blademaster on level 3 of the Elven Halls)

   [ring of resist corrosion]

   Int:       It affects your intelligence (+4).
   rCorr:     It protects you from acid and corrosion.
   Will:      It increases your willpower.
 D - a ring of protection from fire
 J - a ring of positive energy
 O - a ring of flight (right hand)
 T - the ring of the Gloaming (left hand) {Contam rElec Will+ Slay+4}
   (You bought it in a shop on level 2 of the Orcish Mines)

   [ring of slaying]

   Slay:      It affects your accuracy & damage with ranged weapons and melee
   (+4).
   rElec:     It insulates you from electricity.
   Contam:    It causes magical contamination when unequipped.
   Will:      It increases your willpower.
 W - the ring "Deroodgh" {Drain rCorr MP+9 Int+6 Dex+2}
   (You found it on level 3 of the Realm of Zot)

   [ring of intelligence]

   Int:       It affects your intelligence (+6).
   Dex:       It affects your dexterity (+2).
   MP:        It affects your magic capacity (+9).
   rCorr:     It protects you from acid and corrosion.
   Drain:     It drains your maximum health when unequipped.
 X - the ring of Usofetoj {rC+ MP+9 Str+7}
   (You found it on level 3 of the Realm of Zot)

   [ring of magical power]

   Str:       It affects your strength (+7).
   rC:        It protects you from cold.
   MP:        It affects your magic capacity (+9).
Wands
 h - a wand of paralysis (32)
 k - a wand of mindburst (51)
 l - a wand of flame (127)
 t - a wand of quicksilver (40)
 y - a wand of iceblast (38)
 P - a wand of polymorph (12)
 Q - a wand of digging (11)
Scrolls
 c - a scroll of enchant weapon
 j - 2 scrolls of brand weapon
 o - 8 scrolls of fear
 q - 3 scrolls of magic mapping
 s - 6 scrolls of poison
 G - 14 scrolls of fog
 H - 2 scrolls of summoning
 I - 6 scrolls of immolation
 K - 20 scrolls of teleportation
 N - 5 scrolls of blinking
 V - 4 scrolls of silence
Potions
 e - 8 potions of heal wounds
 n - a potion of ambrosia
 p - 23 potions of curing
 w - 4 potions of mutation
 x - 4 potions of haste
 C - 2 potions of might
 E - 6 potions of cancellation
 F - a potion of resistance
 L - 5 potions of invisibility
 R - a potion of flight


   Skills:
 O Level 27 Fighting
 - Level 1.0(1.3) Short Blades
 - Level 1.6(1.8) Long Blades
 O Level 27 Axes
 - Level 5.3(18.7) Maces & Flails
 - Level 0.9 Ranged Weapons
 + Level 8.1 Throwing
 O Level 27 Armour
 O Level 27 Dodging
 - Level 0.7 Shields
 - Level 2.0 Invocations


You had 24 spell levels left.
You didn't know any spells.
Your spell library was empty.

Dungeon Overview and Level Annotations

Branches:
Dungeon (15/15)            Temple (1/1) D:6            Lair (5/5) D:8
 Shoals (4/4) Lair:2        Snake (4/4) Lair:2        Slime (1/5) Lair:5
    Orc (2/2) D:9             Elf (3/3) Orc:2        Vaults (5/5) D:13
  Crypt (0/3) Vaults:3     Depths (4/4) D:15            Zot (5/5) Depths:4
Ossuary (visited)

Altars:
Ashenzari
Cheibriados
Dithmenos
Elyvilon
Fedhas
Gozag
Hepliaklqana
Kikubaaqudgha
Makhleb
Nemelex Xobeh
Okawaru
Qazlal
Ru
Sif Muna
Trog
Uskayaw
Vehumet
Wu Jian
Xom
Yredelemnul
Zin
The Shining One
Jiyva

Shops:
D:1 [   D:6 [   D:9 =   D:15 (   Orc:2 =(=[   Elf:2 ?   Elf:3 ((*   Shoals:1 (?
Shoals:2 [   Shoals:4 [   Snake:1 ![(   Snake:2 [(=::[   Vaults:1 !
Depths:1 *?   Depths:3 [

Portals:
Hell: Depths:1 Depths:2 Depths:3 Depths:4
Abyss: Depths:3 Depths:4
Pandemonium: Depths:2
Ziggurat: Depths:3
Trove: D:11 (give +2 ice dragon scales)

Annotations:
D:9 exclusion: orange crystal statue
Shoals:2 Roxanne


Innate Abilities, Weirdness & Mutations

You have a pair of horns on your head.
You reflexively headbutt those who attack you in melee.
You occasionally shout uncontrollably at your foes.
Your spells are harder to cast, but more powerful.
You expend magic power (3 MP) to strengthen your wands.


Message History

An Orb Guardian comes into view.
There is an open door here.
The Orb Guardian hits you.
You barely miss the Orb Guardian. You headbutt the Orb Guardian!
The Orb Guardian is moderately wounded.
The Orb Guardian hits you but does no damage.
You slice the Orb Guardian!!
The Orb Guardian is severely wounded.
The Orb Guardian misses you.
You barely miss the Orb Guardian.
The Orb Guardian is severely wounded.
The Orb Guardian closely misses you.
You slice the Orb Guardian like a ripe choko!!!
You kill the Orb Guardian!
Trog accepts your kill.
Your Throwing skill increases to level 8!
There is a stone staircase leading up here.
You fly upwards.
There is a stone staircase leading down here.
There is a stone staircase leading up here.
You fly upwards.
There is a stone staircase leading down here.
There is a stone staircase leading up here.
You fly upwards.
There is a stone staircase leading down here.
There is a stone staircase leading up here.
You fly upwards.
There is a stone staircase leading down here.
A green death comes into view.
You carve the green death like a ham!!! You headbutt the green death!
You kill the green death!
Trog accepts your kill.
There is a stone staircase leading up here.
You fly upwards.
There is a stone staircase leading down here.
You see here a +0 dagger.
There is an open door here.
There is a staircase leading out of the dungeon here.
You can't go down here!
You have escaped!

#.....)#'......####......'##..~≈
#.....>#........##........##..~≈
#......#...##...##...##...##...≈
#......#..####..##..####..##..~≈
####.#..#..####..##..####..#..(~~
........#...##...##...##...#.#..≈
...#.#.##..................#.#..~
.#.#.#..##................##.#.)~
.#.#.##..######.@##..#######.#.~.
...#.###.######..##..#######.#...
##.#..####................##.#..~
#.##.# #..................#.#..~
#....###...##...##...##...#.#...
#.#...##..####..##..####..#....~
#.###..#..####..##..####..#...P~
#..##..#...##...##...##...#.#..~
##..#..#........##........#.#..≈


There were no monsters in sight!

Vanquished Creatures
  2 dread liches (Zot:5)
  4 ancient liches (Zot:5)
  4 orbs of fire (Zot:5)
  A juggernaut (Depths:4)
  2 Killer Klowns (Zot:5)
  Xtahua (Vaults:4)
  6 curse toes
  7 golden dragons
  2 electric golems (Zot:5)
  A hellephant (Vaults:1)
  18 tentacled monstrosities
  Jorgrun (Shoals:2)
  Rupert (Lair:4)
  3 deep elf blademasters
  26 Orb Guardians
  Asterion (Elf:3)
  4 titans (Vaults:5)
  10 quicksilver dragons
  A titan (shapeshifter) (Depths:2)
  2 deep elf master archers (Elf:3)
  2 liches (Depths:3)
  A walking frostbound tome (Depths:2)
  A kraken (Shoals:3)
  An acid blob (Depths:2)
  Polyphemus (Shoals:1)
  9 death cobs
  8 sphinxes
  6 tengu reavers
  12 shadow dragons
  19 storm dragons
  5 draconian monks
  5 draconian knights
  4 nagarajas
  An iron dragon (Vaults:5)
  Ilsuiw (Shoals:2)
  3 rockslimes (Depths:2)
  5 frost giants
  4 azure jellies (Depths:2)
  6 draconian scorchers
  4 deep elf sorcerers
  15 fire giants
  A ghost moth (Zot:2)
  Aizul (Elf:2)
  An orc warlord (Vaults:2)
  8 draconian stormcallers
  7 draconian annihilators
  A ghoul (Vaults:3)
  13 vault wardens
  20 very ugly things
  A quicksilver ooze (Depths:2)
  A war gargoyle (Vaults:4)
  A deep elf elementalist (Elf:3)
  A spriggan defender (Depths:2)
  13 ironbound preservers
  5 draconian shifters
  A broodmother (shapeshifter) (Vaults:5)
  7 ironbound thunderhulks
  3 vampire knights
  4 deep elf demonologists (Elf:3)
  13 dire elephants
  18 red draconians
  6 deep elf annihilators
  19 stone giants
  12 green draconians
  13 yellow draconians
  An entropy weaver (Vaults:2)
  7 black draconians
  12 purple draconians
  A spark wasp (Depths:2)
  2 white draconians
  The ghost of aeroqp the Tainter, a journeyman DrAE of Vehumet (D:12)
  7 merfolk impalers
  3 crystal guardians (Vaults:1)
  5 merfolk javelineers
  4 deep elf high priests
  Josephine (D:10)
  13 great orbs of eyes
  A green death (D:2)
  18 ettins
  3 rakshasas
  7 deep elf death magi
  8 fire dragons
  20 yaktaur captains
  A salamander tyrant (Snake:4)
  27 vault guards
  2 peacekeepers (Vaults:1)
  Harold (D:10)
  9 spriggan air magi
  2 hydras
  4 boulder beetles
  10 ice dragons
  6 merfolk avatars
  A catoblepas (Shoals:2)
  14 centaur warriors
  A hell beast (Depths:4)
  A death knight (Vaults:3)
  5 anacondas
  9 ironbound frosthearts
  5 merfolk aquamancers
  6 two-headed ogres
  Erica (D:8)
  8 deep troll shamans
  29 dancing weapons
  2 satyrs (Shoals:4)
  19 naga warriors
  22 death yaks
  An alligator (shapeshifter) (Vaults:5)
  A tengu warrior (Depths:4)
  2 vampire magi
  7 deep troll earth magi
  5 spriggan berserkers
  16 naga sharpshooters
  20 deep elf knights
  5 orc high priests (Orc:2)
  8 shock serpents
  A spectral dire elephant (Lair:5)
  Sonja (Orc:2)
  3 iron trolls (Depths:2)
  A skeletal warrior (Vaults:3)
  6 salamander mystics (Snake:4)
  19 hell knights
  Amaemon (D:8)
  2 spectral death yaks (Lair:5)
  A sea snake (shapeshifter) (Vaults:5)
  3 glowing orange brains
  A spectral anaconda (Lair:5)
  8 sea snakes
  40 deep trolls
  14 wizards
  A steelbarb worm (shapeshifter) (Vaults:5)
  2 swamp dragons (shapeshifter) (Vaults:5)
  14 deep elf archers
  12 orc knights
  An obsidian statue (Lair:5)
  14 ironbound convokers
  19 lindwurms
  7 naga ritualists
  4 phantasmal warriors
  18 harpies
  3 orc sorcerers
  23 deep elf zephyrmancers
  5 mana vipers
  31 ugly things
  An oklob plant (Lair:5)
  The ghost of Voland the Zephyrmancer, a novice TeAE of Sif Muna (D:7)
  43 deep elf pyromancers
  3 shining eyes (Depths:2)
  17 cyclopes
  18 salamanders
  5 necromancers
  13 fauns
  9 merfolk sirens
  17 manticores
  20 moths of wrath
  12 elephants
  19 vault sentinels
  42 black mambas
  19 naga magi
  3 guardian serpents
  8 water nymphs
  2 dire elephant zombies (Lair:5)
  A gargoyle (D:7)
  2 water nymphs (shapeshifter)
  An eye of devastation (shapeshifter) (Vaults:5)
  2 unseen horrors (D:11)
  14 cane toads
  A cane toad (shapeshifter) (Elf:1)
  Maggie (D:8)
  A hellion (Vaults:1)
  An orange demon (D:8)
  4 kobold demonologists (D:12)
  6 komodo dragons
  8 tengu conjurers
  27 yaktaurs
  3 meliai (D:12)
  23 merfolk
  A meliai (shapeshifter) (Vaults:5)
  2 hornets
  5 polar bears
  24 slime creatures
  3 trolls
  5 wind drakes
  35 dream sheep
  16 blink frogs
  A spectral elephant (Lair:5)
  A dream sheep (shapeshifter) (Depths:2)
  15 snapping turtles
  A slime creature (shapeshifter) (Vaults:5)
  2 air elementals (Elf:1)
  A ynoxinul (Depths:3)
  Sigmund (D:5)
  3 spriggans
  2 shadows
  2 wyverns
  A yak (shapeshifter) (Elf:1)
  30 water elementals
  5 wraiths
  2 basilisks
  3 golden eyes (Depths:2)
  A fire bat (shapeshifter) (Depths:3)
  Grum (D:8)
  4 vampire mosquitoes (D:11)
  38 yaks
  6 fire elementals
  2 steam dragons
  A death yak simulacrum (Lair:5)
  2 redbacks (Vaults:2)
  4 wargs
  42 nagas
  17 water moccasins
  A spectral cane toad (Lair:5)
  A swamp drake (D:9)
  A floating eye (Depths:2)
  4 ice beasts
  29 orc warriors
  3 black bears
  A sky beast (D:7)
  4 ogres
  An elephant zombie (Lair:5)
  12 wolves
  3 elephant skeletons (Lair:5)
  11 centaurs
  A phantom (D:4)
  13 bullfrogs
  10 kobold brigands
  2 scorpions
  A necrophage (D:7)
  3 gnoll sergeants
  2 cane toad simulacra (Lair:5)
  An earth elemental (Elf:1)
  26 wights
  2 elephant simulacra (Lair:5)
  6 electric eels
  3 howler monkeys (D:10)
  A jelly (D:8)
  26 orc priests
  2 hounds
  A human zombie (Ossuary)
  2 gnoll boudas
  Jessica (D:3)
  2 iguanas
  24 orc wizards
  Natasha (thrice) (D:3)
  6 hell rats
  2 mummies (Ossuary)
  22 gnolls
  9 adders
  A river rat (D:8)
  A shadow imp (D:5)
  A white imp (D:7)
  An ufetubus (D:5)
  2 worms
  5 dart slugs
  62 orcs
  3 ball pythons
  8 endoplasms
  4 giant cockroaches
  3 gnoll zombies (Ossuary)
  8 goblins
  4 hobgoblins
  24 kobolds
  3 quokkas (D:8)
  3 bats
  5 frilled lizards
  3 goblin zombies (Ossuary)
  2 hobgoblin zombies (Ossuary)
  5 orc zombies (Ossuary)
  10 rats
  5 bushes
  4 tentacles (Shoals:3)
2034 creatures vanquished.

Vanquished Creatures (collateral kills)
  Parghit (Zot:3)
  A tentacled monstrosity (Depths:4)
  A storm dragon (Zot:3)
  3 hell knights (Vaults:1)
  A naga sharpshooter (Snake:4)
  A salamander mystic (Snake:4)
8 creatures vanquished.

Vanquished Creatures (others)
  A titan (Vaults:5)
  A lich (Depths:3)
  An ironbound preserver (Vaults:5)
  A war gargoyle (Vaults:5)
  A very ugly thing (Vaults:5)
  A stone giant (Vaults:5)
  An ettin (Vaults:5)
  A dancing weapon (Elf:1)
  A deep troll earth mage (Vaults:5)
  2 deep trolls (Vaults:5)
  2 ironbound convokers (Vaults:5)
  A phantasmal warrior (Vaults:5)
  A harpy (Shoals:4)
  A naga mage (Snake:4)
  A merfolk (Shoals:2)
  A water elemental (Shoals:2)
  A warg (Vaults:5)
  An orc (D:8)
  2 bushes (Shoals:2)
  33 fungi
  178 plants
  3 tentacles (Shoals:3)
  26 withered plants (Lair:5)
262 creatures vanquished.

Grand Total: 2304 creatures vanquished

Notes
Turn   | Place    | Note
-------+----------+-------------------------------------------
     0 | D:1      | quandasim the Minotaur Berserker began the quest for the
                  | Orb.
     0 | D:1      | Reached XP level 1. HP: 19/19 MP: 0/0
   242 | D:1      | Reached XP level 2. HP: 27/27 MP: 1/1
   774 | D:1      | Found a faded altar of an unknown god.
   974 | D:1      | Found Oheuth's Armour Shoppe.
  1292 | D:2      | Reached XP level 3. HP: 34/34 MP: 2/2
  1539 | D:2      | Reached ** piety under Trog
  1733 | D:2      | Noticed a scorpion
  2372 | D:3      | Noticed Natasha
  2383 | D:3      | Killed Natasha
  2384 | D:3      | Reached skill level 5 in Axes
  2384 | D:3      | Reached XP level 4. HP: 41/41 MP: 3/3
  2692 | D:3      | Noticed Natasha
  2711 | D:4      | Noticed a scorpion
  2720 | D:4      | Killed a scorpion
  2721 | D:4      | Reached skill level 5 in Fighting
  2721 | D:4      | Reached XP level 5. HP: 36/48 MP: 4/4
  2872 | D:3      | Killed Natasha
  3237 | D:3      | Noticed Jessica
  3242 | D:3      | Killed Jessica
  3243 | D:3      | Reached XP level 6. HP: 31/56 MP: 5/5
  3516 | D:3      | Noticed Natasha
  3522 | D:3      | Killed Natasha
  3984 | D:4      | Found a blossoming altar of Fedhas.
  4001 | D:4      | Reached *** piety under Trog
  4217 | D:4      | Reached XP level 7. HP: 63/63 MP: 6/6
  4818 | D:1      | Bought a +2 pair of boots of flying for 215 gold pieces
  5101 | D:5      | Entered Level 5 of the Dungeon
  5103 | D:5      | Noticed Sigmund
  5419 | D:5      | Killed Sigmund
  5841 | D:5      | Reached skill level 1 in Maces & Flails
  5997 | D:5      | Reached XP level 8. HP: 73/73 MP: 7/7
  6160 | D:5      | Identified the +6 dagger of Intimidation {antimagic, rPois
                  | rN+ Will-}
  6480 | D:6      | Found a basalt altar of Yredelemnul.
  6551 | D:6      | Reached skill level 5 in Maces & Flails
  6714 | D:6      | Found an ornate altar of the Wu Jian Council.
  6786 | D:6      | Found a snail-covered altar of Cheibriados.
  6833 | D:6      | Found Ydempisu's Antique Armour Shop.
  7182 | D:6      | Reached XP level 9. HP: 50/83 MP: 8/8
  7352 | D:6      | Found a staircase to the Ecumenical Temple.
  7360 | Temple   | Entered the Ecumenical Temple
  7703 | D:6      | Found a bloodstained altar of Trog.
  7703 | D:6      | Found a glowing golden altar of the Shining One.
  8115 | D:7      | Reached skill level 10 in Axes
  8145 | D:7      | Found a shadowy altar of Dithmenos.
  8203 | D:7      | Noticed a gargoyle
  8215 | D:7      | Killed a gargoyle
  8252 | D:7      | Found a sand-covered staircase.
  8256 | Ossuary  | Entered an ossuary
  8718 | D:7      | Reached **** piety under Trog
  8844 | D:7      | Noticed a deep elf pyromancer
  8845 | D:7      | Found a runed translucent gate.
  8845 | D:7      | Found a runed translucent gate.
  8845 | D:7      | Found a runed translucent gate.
  8849 | D:7      | Noticed Voland's ghost (novice TeAE)
  8869 | D:7      | Reached skill level 10 in Fighting
  8869 | D:7      | Reached XP level 10. HP: 93/93 MP: 9/9
  9213 | D:7      | Killed a deep elf pyromancer
  9224 | D:7      | Killed Voland's ghost
  9689 | D:8      | Noticed Erica
  9707 | D:8      | Killed Erica
 10076 | D:8      | Noticed Maggie
 10077 | D:8      | Noticed a death yak
 10083 | D:8      | Killed Maggie
 10089 | D:8      | Killed a death yak
 10090 | D:8      | Reached XP level 11. HP: 98/101 MP: 10/10
 10149 | D:8      | Noticed Amaemon
 10159 | D:8      | Killed Amaemon
 10356 | D:8      | Noticed a death yak
 10357 | D:8      | Noticed a death yak
 10367 | D:8      | Killed a death yak
 10368 | D:8      | Found a staircase to the Lair.
 10374 | D:8      | Killed a death yak
 10683 | D:8      | Noticed Grum
 10696 | D:8      | Killed Grum
 10697 | D:8      | Reached skill level 15 in Axes
 11069 | D:9      | Noticed an orange crystal statue
 11098 | D:9      | Found Yrpheicu's Jewellery Boutique.
 11106 | D:9      | Bought a ring of poison resistance for 340 gold pieces
 11900 | D:9      | Found a staircase to the Orcish Mines.
 12253 | Lair:1   | Entered Level 1 of the Lair of Beasts
 12483 | Lair:1   | Reached skill level 10 in Armour
 12547 | Lair:1   | Noticed a death yak
 12547 | Lair:1   | Noticed a death yak
 12555 | Lair:1   | Noticed a death yak
 12559 | Lair:1   | Noticed a death yak
 12560 | Lair:1   | Noticed a death yak
 12561 | Lair:1   | Killed a death yak
 12563 | Lair:1   | Killed a death yak
 12565 | Lair:1   | Noticed a death yak
 13124 | Lair:1   | Killed a death yak
 13125 | Lair:1   | Reached XP level 12. HP: 89/112 MP: 11/11
 13130 | Lair:1   | Killed a death yak
 13134 | Lair:1   | Killed a death yak
 13142 | Lair:1   | Killed a death yak
 13919 | Lair:2   | Reached skill level 1 in Invocations
 13927 | Lair:2   | Identified the amulet "Afilokus" {rElec rF+ rN+ Regen+}
 14373 | Lair:2   | Found a staircase to the Snake Pit.
 14396 | Lair:2   | Reached ***** piety under Trog
 14540 | Lair:2   | Received a gift from Trog
 14574 | Lair:2   | Found a staircase to the Shoals.
 14890 | D:9      | Bought a ring of protection from cold for 425 gold pieces
 15037 | Lair:3   | Noticed a death yak
 15053 | Lair:3   | Killed a death yak
 15082 | Lair:3   | Noticed a death yak
 15082 | Lair:3   | Noticed a death yak
 15082 | Lair:3   | Noticed a death yak
 15094 | Lair:3   | Noticed a death yak
 15100 | Lair:3   | Killed a death yak
 15100 | Lair:3   | Noticed a death yak
 15102 | Lair:3   | Killed a death yak
 15104 | Lair:3   | Killed a death yak
 15106 | Lair:3   | Killed a death yak
 15112 | Lair:3   | Killed a death yak
 15274 | Lair:3   | Reached XP level 13. HP: 120/122 MP: 13/13
 16397 | Lair:4   | Identified a scroll of acquirement
 16397 | Lair:4   | Acquired a +1 vampiric executioner's axe
 16557 | Lair:4   | Noticed Rupert
 16573 | Lair:4   | Killed Rupert
 17222 | Lair:5   | Entered Level 5 of the Lair of Beasts
 17257 | Lair:5   | Noticed a dire elephant
 17321 | Lair:5   | Noticed a dire elephant
 17338 | Lair:5   | Killed a dire elephant
 17701 | Lair:5   | Reached XP level 14. HP: 121/133 MP: 14/14
 17784 | Lair:5   | Identified the +0 chain mail "Rudaup" {Dex+3}
 18102 | Lair:5   | Reached skill level 15 in Fighting
 18302 | Lair:5   | Found a staircase to the Slime Pits.
 18303 | Lair:5   | Found a viscous altar of Jiyva.
 18978 | D:10     | Entered Level 10 of the Dungeon
 19134 | D:10     | Noticed Harold
 19138 | D:10     | Killed Harold
 19998 | D:10     | Noticed Josephine
 20005 | D:10     | Killed Josephine
 20057 | D:10     | Found a radiant altar of Vehumet.
 20561 | D:11     | Received a gift from Trog
 20565 | D:11     | Found a portal to a secret trove of treasure.
 21475 | D:12     | Found a runed translucent gate.
 21476 | D:12     | Found a runed translucent gate.
 21477 | D:12     | Found a runed translucent gate.
 21477 | D:12     | Noticed aeroqp's ghost (journeyman DrAE)
 21926 | D:12     | Killed aeroqp's ghost
 22135 | Orc:1    | Entered Level 1 of the Orcish Mines
 22156 | Orc:1    | Reached XP level 15. HP: 144/144 MP: 15/15
 22399 | Orc:2    | Entered Level 2 of the Orcish Mines
 22424 | Orc:2    | Noticed Sonja
 22447 | Orc:2    | Killed Sonja
 22631 | Orc:2    | Found a staircase to the Elven Halls.
 22884 | Orc:2    | Identified the +5 battleaxe of Guptodao {vorpal, *Slow
                  | rElec rF+ Str+3} (Trog gifted it to you on level 2 of the
                  | Orcish Mines)
 22884 | Orc:2    | Received a gift from Trog
 23351 | Orc:2    | Found Osirian's Jewellery Shop.
 23353 | Orc:2    | Found Kienkaink's Jewellery Shop.
 23353 | Orc:2    | Found Duetash's Weapon Boutique.
 23354 | Orc:2    | Found Gequp's Armour Shop.
 23367 | Orc:2    | Bought the ring of the Gloaming {Contam rElec Will+ Slay+4}
                  | for 1104 gold pieces
 23785 | D:13     | Found a gate to the Vaults.
 23870 | D:13     | Found a glowing golden altar of the Shining One.
 24426 | D:14     | Found a radiant altar of Vehumet.
 24563 | D:14     | Found a stormy altar of Qazlal.
 24681 | D:14     | Identified the +7 rapier of Joas {speed, Int+3}
 25168 | D:15     | Entered Level 15 of the Dungeon
 25229 | D:15     | Received a gift from Trog
 25253 | D:15     | Found Mejaypn's Antique Weapon Emporium.
 25393 | D:15     | Found a staircase to the Depths.
 25423 | D:15     | Reached skill level 15 in Armour
 25445 | D:15     | Reached skill level 5 in Dodging
 25497 | D:15     | Found a broken altar of Ashenzari.
 26029 | Snake:1  | Entered Level 1 of the Snake Pit
 26214 | Snake:1  | Found Desixa's Distillery.
 26214 | Snake:1  | Found Zohan's Antique Armour Shop.
 26218 | Snake:1  | Found Toitiull's Weapon Boutique.
 26940 | Snake:1  | Reached XP level 16. HP: 129/157 MP: 16/16
 27376 | Snake:2  | Identified the +8 falchion "Tiuxtohi" {freeze, Contam Will-
                  | Str+9 Dex+3}
 27397 | Snake:2  | Found Viwnuep's Armour Shoppe.
 27614 | Snake:2  | Found Etiacwan's Antique Armour Boutique.
 27644 | Snake:2  | Found Doacviat's Weapon Shop.
 27767 | Snake:2  | Identified the +10 great mace "Jesecu" {flame, rN+ Dex+4}
                  | (Trog gifted it to you on level 2 of the Snake Pit)
 27767 | Snake:2  | Received a gift from Trog
 28418 | Snake:2  | Found Mous's Jewellery Shop.
 28418 | Snake:2  | Found Goffugit's Book Emporium.
 28419 | Snake:2  | Found Jinla's Book Emporium.
 28846 | Snake:3  | Identified the +3 quarterstaff of the Doomed Warrior
                  | {speed, rCorr Int+5}
 29339 | Shoals:1 | Entered Level 1 of the Shoals
 29626 | Snake:2  | Bought a +0 cloak for 90 gold pieces
 29771 | Shoals:1 | Received a gift from Trog
 30213 | Shoals:1 | Found Peumaroj's Magic Scroll Shoppe.
 30422 | Shoals:1 | Found Wyjijefra's Weapon Emporium.
 30772 | Shoals:2 | Noticed Polyphemus
 30869 | Shoals:1 | Killed Polyphemus
 31123 | Shoals:2 | Noticed Ilsuiw
 31131 | Shoals:2 | Reached XP level 17. HP: 116/170 MP: 17/17
 31137 | Shoals:2 | Killed Ilsuiw
 31240 | Shoals:2 | Noticed Roxanne
 31277 | Shoals:2 | Noticed Jorgrun
 31302 | Shoals:2 | Killed Jorgrun
 31319 | Shoals:2 | Reached ****** piety under Trog
 31320 | Shoals:2 | Received a gift from Trog
 31568 | Shoals:2 | Found Tishpak's Dragon-Slaying Spoils.
 31962 | Shoals:3 | Identified the +8 spear of Hubris {vorpal, rElec Dex+2}
 32080 | Shoals:3 | Noticed a kraken
 32088 | Shoals:3 | Killed a kraken
 32258 | Shoals:3 | Reached skill level 10 in Dodging
 32331 | Shoals:2 | Bought +0 gold dragon scales for 800 gold pieces
 33299 | Elf:1    | Entered Level 1 of the Elven Halls
 33528 | Elf:1    | Received a gift from Trog
 33551 | Elf:1    | Identified the +2 robe of Noon {Fly rF- rCorr Str+5}
 34507 | Elf:2    | Reached XP level 18. HP: 178/178 MP: 18/18
 34533 | Elf:2    | Received a gift from Trog
 34710 | Elf:2    | Found Vuceduso's Magic Scroll Shoppe.
 34778 | Elf:2    | Found a runed translucent gate.
 34778 | Elf:2    | Found a runed translucent gate.
 34779 | Elf:2    | Found a runed translucent gate.
 34960 | Elf:2    | Noticed Aizul
 34977 | Elf:2    | Killed Aizul
 35370 | Elf:3    | Entered Level 3 of the Elven Halls
 35451 | Elf:3    | Noticed an Ice Fiend
 35462 | Elf:3    | Received a gift from Trog
 35462 | Elf:3    | Found the +8 frozen axe "Frostbite" {freezing cloud, *Noise
                  | Fly rC+}
 35533 | Elf:3    | Found Cehi's Antique Weapon Boutique.
 35533 | Elf:3    | Found Nualuath's Weapon Shop.
 35564 | Elf:3    | Noticed a Tzitzimitl
 35634 | Elf:3    | Found Les Weli's Overcharged Wands.
 35818 | Elf:3    | Reached skill level 15 in Dodging
 35873 | Elf:3    | Identified the amulet of Kouwibil {Reflect rN+ Int+7 SH+5}
 36021 | Elf:3    | Found the +8 whip "Snakebite" {venom, curare, rPois}
 36022 | Elf:3    | Identified the ring of Yruc {Will+ rCorr Int+4}
 36059 | Elf:3    | Identified the +4 broad axe of Saltpetre {venom, rN+ rCorr
                  | Str+3 Dex-3}
 36091 | Elf:3    | Identified the ring "Simamil" {Ice rElec Will- Str+7 Int-4}
 36094 | Elf:3    | Identified the amulet of Kill {RegenMP +Blink rC++ Will-
                  | Regen+}
 36104 | Elf:3    | Identified the +1 chain mail of Qazlal's Benevolence {rElec
                  | rN+}
 36111 | Elf:3    | Identified the +9 flail of Jiukkeg {vorpal, rC+ Str+4}
 36149 | Elf:3    | Identified the +3 hand axe of Peaxt {drain, rC+ SInv}
 36269 | Elf:3    | Noticed Asterion
 36285 | Elf:3    | Killed Asterion
 37030 | Shoals:4 | Entered Level 4 of the Shoals
 37082 | Shoals:4 | Identified the +5 battleaxe of Eternal Night {vorpal, rN+
                  | Dex+3} (Trog gifted it to you on level 4 of the Shoals)
 37082 | Shoals:4 | Received a gift from Trog
 37418 | Shoals:4 | Found Iliemis's Antique Armour Emporium.
 37661 | Shoals:4 | Reached XP level 19. HP: 182/185 MP: 19/19
 37684 | Shoals:4 | Got a barnacled rune of Zot
 37772 | Shoals:4 | Identified the ring of Makhleb's Grace {Will+ Int+6}
 38287 | Snake:1  | Bought the +0 mask of the Dragon {Will+ Slay+3 SInv} for
                  | 1002 gold pieces
 38287 | Snake:1  | Found the +0 mask of the Dragon {Will+ Slay+3 SInv}
 39115 | Slime:1  | Entered Level 1 of the Pits of Slime
 39283 | Snake:4  | Entered Level 4 of the Snake Pit
 39541 | Snake:4  | Received a gift from Trog
 40168 | Snake:4  | Received a gift from Trog
 40692 | Snake:4  | Got a serpentine rune of Zot
 41872 | Shoals:4 | Bought a runed cloak for 255 gold pieces
 42254 | Vaults:1 | Entered Level 1 of the Vaults
 42497 | Vaults:1 | Received a gift from Trog
 42576 | Vaults:1 | Found a huge runed gate.
 42580 | Vaults:1 | Found a huge runed gate.
 42581 | Vaults:1 | Found a huge runed gate.
 42581 | Vaults:1 | Found a huge runed gate.
 42581 | Vaults:1 | Found a huge runed gate.
 42581 | Vaults:1 | Found a huge runed gate.
 42581 | Vaults:1 | Found a huge runed gate.
 42581 | Vaults:1 | Found a huge runed gate.
 42581 | Vaults:1 | Found a huge runed gate.
 42583 | Vaults:1 | Found a huge runed gate.
 42583 | Vaults:1 | Found a huge runed gate.
 42583 | Vaults:1 | Found a huge runed gate.
 42583 | Vaults:1 | Found a huge runed gate.
 42583 | Vaults:1 | Found a huge runed gate.
 42583 | Vaults:1 | Found a huge runed gate.
 42584 | Vaults:1 | Found a huge runed gate.
 42585 | Vaults:1 | Found a huge runed gate.
 42586 | Vaults:1 | Found a huge runed gate.
 42594 | Vaults:1 | Found a huge runed gate.
 42594 | Vaults:1 | Found a huge runed gate.
 42594 | Vaults:1 | Found a huge runed gate.
 42594 | Vaults:1 | Found a huge runed gate.
 42594 | Vaults:1 | Found a huge runed gate.
 42594 | Vaults:1 | Found a huge runed gate.
 42594 | Vaults:1 | Found a huge runed gate.
 42595 | Vaults:1 | Found a huge runed gate.
 42601 | Vaults:1 | Found a huge runed gate.
 42650 | Vaults:1 | Found a huge runed gate.
 42650 | Vaults:1 | Found a huge runed gate.
 42650 | Vaults:1 | Found a huge runed gate.
 42650 | Vaults:1 | Found a huge runed gate.
 42650 | Vaults:1 | Found a huge runed gate.
 42650 | Vaults:1 | Found a huge runed gate.
 42651 | Vaults:1 | Found a huge runed gate.
 42652 | Vaults:1 | Found a huge runed gate.
 42653 | Vaults:1 | Found a huge runed gate.
 42974 | Vaults:1 | Reached XP level 20. HP: 195/195 MP: 20/20
 43038 | Vaults:1 | Found Wiceczu's Distillery.
 44138 | Vaults:2 | Received a gift from Trog
 45168 | Vaults:3 | Found a staircase to the Crypt.
 45255 | Vaults:3 | Found a flickering gateway to a bazaar.
 45278 | Bazaar   | Entered a bazaar
 45278 | Bazaar   | Found Cesch's Assorted Antiques.
 45278 | Bazaar   | Found Suyx's Antique Weapon Shop.
 45278 | Bazaar   | Found Pizuatte's Distillery.
 45278 | Bazaar   | Found Kido's General Store.
 45278 | Bazaar   | Found Qariteti's Magic Scroll Shop.
 45278 | Bazaar   | Found Xuni's General Store.
 45313 | Bazaar   | Bought a scroll of teleportation for 24 gold pieces
 45313 | Bazaar   | Bought a scroll of teleportation for 24 gold pieces
 45313 | Bazaar   | Bought a scroll of enchant weapon for 60 gold pieces
 45313 | Bazaar   | Bought a scroll of magic mapping for 60 gold pieces
 45315 | Bazaar   | Bought a scroll of enchant armour for 202 gold pieces
 45592 | Vaults:3 | Received a gift from Trog
 46269 | Vaults:3 | Reached XP level 21. HP: 209/209 MP: 21/21
 47020 | Vaults:4 | Noticed Xtahua
 47042 | Vaults:4 | Killed Xtahua
 48294 | Depths:1 | Entered Level 1 of the Depths
 48446 | Depths:1 | Found Zimor's Magic Scroll Shoppe.
 48453 | Depths:1 | Bought a scroll of blinking for 127 gold pieces
 48453 | Depths:1 | Bought a scroll of fog for 68 gold pieces
 48562 | Depths:1 | Noticed a golden dragon
 48564 | Depths:1 | Found Facules's Serpentskin Sales.
 48576 | Depths:1 | Killed a golden dragon
 48747 | Depths:1 | Found a sacrificial altar of Ru.
 48848 | Depths:1 | Acquired the +3 pair of seven-league boots {Rampage+∞}
 48848 | Depths:1 | Found the +3 pair of seven-league boots {Rampage+∞}
 48992 | Depths:1 | Found a gateway to Hell.
 49205 | Depths:2 | Found a one-way gate leading to the halls of Pandemonium.
 49398 | Depths:2 | You fall into a shaft and drop 1 floor!
 49399 | Depths:3 | Found Jiezejush's Antique Armour Emporium.
 49556 | Depths:2 | Received a gift from Trog
 49583 | Depths:2 | Reached skill level 27 in Axes
 49625 | Depths:2 | Reached XP level 22. HP: 215/224 MP: 1/22
 49749 | Depths:2 | Noticed a shard shrike
 49755 | Depths:2 | Noticed a shard shrike
 49756 | Depths:2 | a shard shrike changed into a titan
 49794 | Depths:2 | Found the ring of the Mage {Wiz Archmagi}
 50027 | Depths:2 | Received a gift from Trog
 50045 | Depths:2 | Gained mutation: You are frail. (-10% HP) [a shining eye]
 50525 | Depths:2 | Lost mutation: You are frail. (-10% HP) [potion of
                  | mutation]
 50525 | Depths:2 | Gained mutation: Your spells are a little harder to cast,
                  | but a little more powerful. [potion of mutation]
 50525 | Depths:2 | Gained mutation: You expend magic power (3 MP) to
                  | strengthen your wands. [potion of mutation]
 50638 | Depths:3 | Identified the +5 arbalest of Mygely {elec, rN+ Will- Str+6
                  | Dex-4}
 51176 | Depths:3 | Received a gift from Trog
 51229 | Depths:3 | Identified the +5 short sword "Adoihiz" {vorpal, rN+ Str+6}
 51438 | Depths:3 | Found a one-way gate to the infinite horrors of the Abyss.
 51593 | Depths:3 | Found a one-way gateway to a ziggurat.
 51822 | Depths:4 | Entered Level 4 of the Depths
 51890 | Depths:4 | Reached skill level 27 in Fighting
 52074 | Depths:4 | Noticed a juggernaut
 52089 | Depths:4 | Killed a juggernaut
 52336 | Depths:4 | Reached XP level 23. HP: 240/240 MP: 23/23
 52416 | Depths:4 | Received a gift from Trog
 52762 | Depths:4 | Found a gate to the Realm of Zot.
 54553 | Vaults:5 | Entered Level 5 of the Vaults
 54598 | Vaults:5 | Received a gift from Trog
 54655 | Vaults:5 | Received a gift from Trog
 55054 | Vaults:5 | Identified the +1 robe "Nimuhakhlu" {rElec Regen+ SInv}
 55268 | Vaults:5 | Got a silver rune of Zot
 55275 | Vaults:5 | Identified the +2 ring mail of Vaefyuce {Dex+2 Stlth+}
 55301 | Vaults:5 | Identified the ring of Rarphiw {rPois Str+6 Int+3}
 55503 | Vaults:5 | Identified the amulet of the Commoners {Reflect rElec Str+4
                  | SH+5}
 56472 | Zot:1    | Entered Level 1 of the Realm of Zot
 56481 | Zot:1    | Reached skill level 27 in Armour
 56483 | Zot:1    | Reached skill level 1 in Short Blades
 56483 | Zot:1    | Reached skill level 1 in Long Blades
 57055 | Zot:2    | Reached XP level 24. HP: 219/249 MP: 23/23
 57398 | Zot:2    | Received a gift from Trog
 58445 | Zot:3    | Noticed Parghit
 58459 | Zot:3    | Killed Parghit
 58541 | Zot:3    | You fall into a shaft and drop 1 floor!
 58629 | Zot:3    | Found a transporter.
 58680 | Zot:3    | Found a transporter.
 59197 | Zot:3    | Identified the ring "Deroodgh" {Drain rCorr MP+9 Int+6
                  | Dex+2}
 59212 | Zot:3    | Identified the ring of Usofetoj {rC+ MP+9 Str+7}
 59215 | Zot:3    | Identified the +5 sling of Ithrid {flame, Str+4 Dex+4}
 59261 | Zot:4    | Received a gift from Trog
 59551 | Zot:4    | Reached XP level 25. HP: 257/257 MP: 23/23
 60094 | Zot:5    | Entered Level 5 of the Realm of Zot
 60567 | Zot:5    | Received a gift from Trog
 60625 | Zot:5    | Noticed an orb of fire
 60627 | Zot:5    | Noticed a dread lich
 60628 | Zot:5    | Noticed an orb of fire
 60630 | Zot:5    | Killed an orb of fire
 60630 | Zot:5    | Noticed a Killer Klown
 60631 | Zot:5    | Gained mutation: You occasionally shout uncontrollably at
                  | your foes. [an orb of fire]
 60632 | Zot:5    | Noticed a dread lich
 60634 | Zot:5    | Noticed an ancient lich
 60636 | Zot:5    | Killed a Killer Klown
 60643 | Zot:5    | Gained mutation: Your spells are harder to cast, but more
                  | powerful. [an orb of fire]
 60646 | Zot:5    | Killed an orb of fire
 60654 | Zot:5    | Killed a dread lich
 60656 | Zot:5    | Killed a dread lich
 60663 | Zot:5    | Killed an ancient lich
 60779 | Zot:5    | Reached skill level 27 in Dodging
 60781 | Zot:5    | Reached skill level 1 in Throwing
 60800 | Zot:5    | Noticed an ancient lich
 60800 | Zot:5    | Noticed an orb of fire
 60800 | Zot:5    | Noticed an ancient lich
 60801 | Zot:5    | Noticed an orb of fire
 60813 | Zot:5    | Killed an orb of fire
 60814 | Zot:5    | Killed an orb of fire
 60818 | Zot:5    | Killed an ancient lich
 60819 | Zot:5    | Reached skill level 5 in Throwing
 60821 | Zot:5    | Killed an ancient lich
 60838 | Zot:5    | Noticed a Killer Klown
 60848 | Zot:5    | Killed a Killer Klown
 60896 | Zot:5    | Noticed an ancient lich
 60903 | Zot:5    | Killed an ancient lich
 61091 | Zot:5    | Got the Orb of Zot
 61252 | Depths:4 | Received a gift from Trog
 61352 | D:15     | Noticed Zejuhoel the pandemonium lord
 61352 | D:15     | Noticed an ancient lich
 61710 | D:$      | Escaped with the Orb!

Illustrated notes

Levels and vault maps discovered:
D:1:      minmay_arrival_four_loops, layout_rooms,
          hellmonk_ecumenical_altar_defaced_shrine, serial_shops,
          nicolae_square_shop, chequers_big_river, serial_bayou_pond_a
D:2:      layout_basic, lightli_corner_chamber
D:3:      layout_basic, uniq_natasha, uniq_jessica
D:4:      layout_loops_ring, fedhas_altar_3
D:5:      layout_loops_ring, uniq_sigmund
D:6:      layout_basic, nicolae_wu_jian_glorious_leap, slow_altar_1,
          amethyst_overflow_temple_binary, mainiacjoe_overflow_brackets,
          minmay_temple_entry_hall, serial_shops, shop
D:7:      layout_loops_ring, grunt_dithmenos_smoke_and_mirrors,
          gammafunk_ghost_split, nicolae_ossuary_entry_false_entrances,
          serial_bayou_lagoon_a
D:8:      layout_loops_ring, dpeg_lair_monsters, uniq_maggie, uniq_amaemon,
          uniq_erica, uniq_grum
D:9:      layout_irregular_city, erik_orc_1, serial_bayou_pond_e,
          nicolae_stop_n_shop_2, minmay_protected_statue
D:10:     layout_basic, lemuel_coloured_pillars_altar, uniq_josephine,
          uniq_harold
D:11:     layout_stronghold, nicolae_trove_entry_isolated, serial_bayou_pond_b
D:12:     layout_cave_pools, gammafunk_ghost_nasty_kobolds,
          minmay_misc_feat_hallway, minmay_lindwurm_lava
D:13:     layout_grid_maze, david_vaults_2, tso_metal_star
D:14:     layout_irregular_city, grunt_qazlal_clouds, kennysheep_crisscross,
          nicolae_vehumet_altar_sigil
D:15:     grunt_enter_depths_giant_problem, layout_basic, serial_shops,
          shop_statue, ashenzari_altar_1
Temple:   dpeg_chambers_temple
Lair:1:   layout_cave_pods
Lair:2:   layout_big_grid, minmay_shoals_entry_hut,
          minmay_snake_entry_guardpost_medium, forest_entry_grove,
          grunt_megastairs_4
Lair:3:   layout_cellular_growth, kennysheep_catoblepas_arena,
          serial_bayou_shore_a
Lair:4:   layout_long_grid, serial_rivers, chequers_serial_rivers_room_b,
          chequers_serial_rivers_room_b, chequers_serial_rivers_small_b,
          chequers_serial_rivers_micro_b, chequers_serial_rivers_room_b,
          chequers_serial_rivers_micro_e, chequers_serial_rivers_room_a,
          infiniplex_staircase_pool, uniq_rupert
Lair:5:   due_jungle_book, layout_big_grid, slime_entry_1
Shoals:1: layout_shoals, serial_shops, nicolae_shop_bloodbath_and_beyond,
          nicolae_shoals_c_island
Shoals:2: layout_shoals, nicolae_shop_dragon_depot, abandoned_shop,
          abandoned_shop, yaktaur_hedge, uniq_polyphemus, uniq_roxanne,
          uniq_jorgrun, uniq_ilsuiw
Shoals:3: layout_shoals
Shoals:4: shoals_end_hangedman, layout_shoals, serial_shops, shop
Snake:1:  layout_grid_maze, minmay_shop_star
Snake:2:  layout_concentric_octagons, serial_shops, shop, shop,
          nicolae_shop_statue_plus, minmay_shop_grove
Snake:3:  layout_cave_shapes
Snake:4:  snake_pit, layout_layer_cave, grunt_megastairs_1
Slime:1:  layout_caves
Orc:1:    layout_caves
Orc:2:    st_orc_pillars, layout_caves, uniq_sonja
Elf:1:    minmay_elf_arrival_summoners, layout_onion_city, minivault_28
Elf:2:    nicolae_elf_blades_splatter_lattice [infiniplex_blade_entry_pillars],
          layout_loops_cross, serial_shops, nicolae_shop_stone,
          corexii_hall_statues_i, uniq_aizul
Elf:3:    elf_hall_gauntlet_wide, layout_geoelf_diagonals,
          nicolae_shop_overcharged_wands, minmay_shoptagon, uniq_asterion
Vaults:1: nicolae_vaults_diagonal_hallway_6, nicolae_vaults_stairing_the_circle,
          nicolae_vaults_back_hallway, dpeg_vaults_monster_box,
          hangedman_vaults_restitches, vaults_dpeg_hooks,
          hangedman_vaults_stream, ontoclasm_vaults_eye,
          nicolae_vaults_gold_heap, v_misc_22, v_misc_27, not_door_vault_due,
          layout_vaults_omnibox, serial_shops, shop
Vaults:2: nicolae_vaults_angled_halls, nicolae_vaults_big_angled_halls,
          v_misc_5, nicolae_vaults_little_squares_2, hangedman_vaults_capsules,
          v_misc_23, nicolae_vaults_network_square, v_alt_pattern_6,
          vaults_room_door_hall, nicolae_vaults_display_case, vaults_room_pool,
          layout_vaults_omnicross
Vaults:3: hangedman_vaults_pinch, v_misc_18, minmay_crypt_entry_simple_plaza,
          nicolae_vaults_network_periphery, ontoclasm_vaults_twist,
          grunt_vaults_diagonal, hangedman_vaults_nodes, vaults_room_large_hall,
          v_alt_pattern_5, v_misc_13, hangedman_vaults_corner_blocks,
          grunt_vaults_focal, nicolae_vaults_rhombus_7, vaults_mumra_hexcomb,
          layout_vaults_ring, serial_shops, bzr_entry_customers
Vaults:4: v_misc_25, hangedman_vaults_cutoff, ontoclasm_vaults_chip,
          nicolae_vaults_little_squares_5, nicolae_vaults_border_crossing,
          nicolae_vaults_little_squares_2, st_more_cells, v_misc_32,
          layout_vaults_big_room, uniq_xtahua, uniq_margery
Vaults:5
Depths:1: layout_roguey, serial_shops, nicolae_shop_stone, hell_entry,
          basic_altar, guppyfry_shop_venom, infiniplex_staircase_pool_lava,
          kennysheep_random_hallway
Depths:2: minmay_the_grid_square_5x5_4x4 [minmay_the_grid_square_5x5_tri_point,
          minmay_the_grid_square_5x5_broken_cross,
          minmay_the_grid_square_5x5_six_small,
          minmay_the_grid_square_5x5_corner,
          minmay_the_grid_square_5x5_pentomino_r,
          minmay_the_grid_square_5x5_prize_itemx,
          minmay_the_grid_square_5x5_prize_snowflake,
          minmay_the_grid_square_5x5_detours, minmay_the_grid_square_5x5_lines,
          minmay_the_grid_square_5x5_prize_junk,
          minmay_the_grid_square_5x5_prize_open, minmay_the_grid_square_5x5_z,
          minmay_the_grid_square_5x5_inner_z,
          minmay_the_grid_square_5x5_shrine1,
          minmay_the_grid_square_5x5_hourglass,
          minmay_the_grid_square_5x5_spiral_small], layout_gridlike, hell_entry,
          special_room [special_room_jelly], pan_entry, hex_intersection,
          bh_walls_and_bars, minmay_staircase_bubble
Depths:3: minmay_tri_stars, layout_long_grid, enter_ziggurat_e, serial_shops,
          nicolae_lakefront_shop, abyss_entry_crystal, grunt_hell_entry_dis_old,
          infiniplex_staircase_split_hallway
Depths:4: grunt_zot_entry_gee_three, layout_cave_pools, serial_bayou,
          serial_bayou_crossing, serial_bayou_pond_d, serial_bayou_pond_b,
          serial_bayou_lagoon_b, pf_hell_entry_tar_spiral, abyss_entry,
          hangedman_decor_clover_reticule
Zot:1:    layout_concentric_octagons
Zot:2:    layout_basic, zot_minivault_5
Zot:3:    gammafunk_its_a_trap, layout_basic, uniq_josephina, uniq_parghit
Zot:4:    layout_gridlike, st_stairs_2
Zot:5:    layout_concentric_octagons

Skill      XL: |  1  2  3  4  5  6  7  8  9 10 11 12 13 14 15 16 17 18 19 20 21 22 23 24 25 |
---------------+----------------------------------------------------------------------------+-----
Fighting       | 4 5 6 7 9 10 12 13 14 16 17 19 20 22 24 27 | 27.0
Axes           | 4 5 6 7 8 12 14 16 18 20 22 23 24 25 27 | 27.0
Armour         | 3 4 6 7 8 10 11 13 14 15 17 20 21 22 23 27 | 27.0
Maces & Flails | 2 5 |  5.3
Dodging        | 3 4 5 8 11 17 20 25 27 | 27.0
Invocations    | 2 |  2.0
Short Blades   | 1 |  1.0
Long Blades    | 1 |  1.6
Throwing       | 8 |  8.1
Ranged Weapons | |  0.9
Shields        | |  0.7

Action                   |  1- 3 |  4- 6 |  7- 9 | 10-12 | 13-15 | 16-18 | 19-21 | 22-24 | 25-27 || total
-------------------------+-------+-------+-------+-------+-------+-------+-------+-------+-------++-------
Melee: Hand axe          |    84 |   148 |    53 |       |       |       |       |       |       ||   285
       Headbutt          |     6 |    17 |    37 |    88 |   204 |   235 |   320 |   299 |    68 ||  1274
       Morningstar       |       |       |    67 |       |       |       |       |       |       ||    67
       Battleaxe         |       |       |   120 |   423 |    61 |       |       |       |       ||   604
       Punch             |       |       |     2 |       |       |       |       |       |       ||     2
       Executioner's axe |       |       |       |       |   878 |  1002 |  1105 |   966 |   205 ||  4156
Throw: Javelin           |       |       |       |       |       |       |       |     1 |       ||     1
Invok: Berserk           |     2 |     5 |    10 |     9 |    19 |    17 |     2 |     2 |       ||    66
       Trog's Hand       |       |       |     2 |     6 |     8 |     6 |     7 |     5 |     3 ||    37
       Brothers in Arms  |       |       |       |       |       |       |     2 |     3 |       ||     5
Evoke: Wand              |       |       |       |       |     3 |       |       |       |     1 ||     4
  Use: Scroll            |       |       |    15 |    15 |     6 |     5 |     6 |     3 |     4 ||    54
       Potion            |       |       |     3 |       |       |       |       |     5 |     5 ||    13
 Stab: Distracted        |       |       |       |       |       |       |     2 |     1 |       ||     3
Armor: Animal skin       |     1 |       |       |       |       |       |       |       |       ||     1
       Leather armour    |     9 |       |       |       |       |       |       |       |       ||     9
       Chain mail        |     4 |    64 |    52 |       |       |       |       |       |       ||   120
       Scale mail        |       |       |    35 |    58 |       |       |       |       |       ||    93
       Plate armour      |       |       |       |   134 |   533 |   303 |       |       |       ||   970
       Gold dragon scale |       |       |       |       |       |   350 |   590 |   628 |   116 ||  1684
Dodge: Dodged            |    48 |    38 |    99 |   146 |   326 |   443 |   449 |   484 |    86 ||  2119
Block: Other             |       |       |       |       |       |    13 |   131 |    76 |       ||   220
       Reflection        |       |       |       |       |       |     1 |    14 |     1 |       ||    16
